 Dungeon Crawl Stone Soup version 0.25.1-2-g60ff931df9 (webtiles) character file.

Game seed: 2308064413840862216

973 lorenzova the Thaumaturge (level 7, -5/36 HPs)
             Began as a Deep Elf Conjurer on Oct 8, 2020.
             Shot with an arrow by a centaur (8 damage)
             ... on level 6 of the Dungeon.
             The game lasted 00:08:29 (5892 turns).

lorenzova the Thaumaturge (Deep Elf Conjurer)       Turns: 5892, Time: 00:08:29

Health: -5/36      AC:  3    Str:  5    XL:     7   Next: 94%
Magic:  17/21      EV: 13    Int: 22    God:
Gold:   315        SH:  0    Dex: 15    Spells: 12/23 levels left

rFire    . . .     SeeInvis .   g - +3 dagger (speed)
rCold    + . .     Gourm    .   (no shield)
rNeg     . . .     Faith    .   a - +0 robe
rPois    .         Spirit   .   d - +0 helmet
rElec    .         Reflect  .   (no cloak)
rCorr    .         Harm     .   (no gloves)
MR       .....                  (no boots)
Stlth    ++........             (no amulet)
HPRegen  0.12/turn              h - ring of protection from cold
MPRegen  0.17/turn              (no ring)

@: no status effects
A: no striking features
a: no special abilities


You were on level 6 of the Dungeon.
You were not hungry.

You visited 1 branch of the dungeon, and saw 6 of its levels.

You collected 315 gold pieces.

Inventory:

Hand Weapons
 e - a +0 short sword
 g - a +3 dagger of speed (weapon)
Armour
 a - a +0 robe (worn)
 d - a +0 helmet (worn)
Jewellery
 f - an uncursed amulet of faith
 h - a ring of protection from cold (left hand)
 p - an uncursed amulet of magic regeneration {unknown}
Wands
 j - a wand of flame (16)
Scrolls
 i - a scroll of fog {unknown}
 l - 3 scrolls of enchant weapon
 o - 3 scrolls of remove curse {unknown}
 q - a scroll of noise {unknown}
 r - 2 scrolls of amnesia {unknown}
Potions
 b - 2 potions of stabbing {unknown}
 k - 3 potions of resistance {unknown}
 m - 4 potions of degeneration {unknown}
 n - 2 potions of mutation {unknown}
Comestibles
 c - 12 rations
 s - a chunk of flesh


   Skills:
 - Level 2.4 Dodging
 - Level 2.4 Stealth
 * Level 8.5 Spellcasting
 * Level 8.0 Conjurations
 + Level 2.3 Hexes
 + Level 2.0 Translocations


You had 12 spell levels left.
You knew the following spells:

 Your Spells              Type           Power        Failure   Level  Hunger
a - Magic Dart            Conj           ####         1%          1    None
b - Searing Ray           Conj           #####.       1%          2    None
c - Iskenderun's Mystic   Conj/Tloc      ####....     9%          4    ###....
d - Fulminant Prism       Conj/Hex       ####......   9%          4    ###....

Your spell library contained the following spells:

 Spells                   Type           Power        Failure   Level  Hunger
 Dazzling Flash           Conj/Hex       ####..       2%          3    None
 Confusing Touch          Hex            ###.....     9%          3    None
 Gell's Gravitas          Tloc           ###.......   9%          3    None
 Petrify                  Tmut/Erth      #.......     56%         4    ###....
 Metabolic Englaciation   Hex/Ice        ##........   77%         5    #####..
 Yara's Violent Unravell  Hex/Tmut       ##........   77%         5    #####..


Dungeon Overview and Level Annotations

Branches:
Dungeon (6/15)             Temple (0/1) D:5

Altars:
Ashenzari
Okawaru
Trog
Uskayaw
Yredelemnul


Message History

You can't see any susceptible monsters within range! (Use Z to cast anyway.)
A centaur is nearby!
Casting: Searing Ray (safe; 1% risk of failure)
Confirm with . or Enter, or press ? or * to list all spells.
Aiming: Searing Ray (safe; 1% risk of failure)
Press: ? - help, Shift-Dir - straight line, f - centaur
Aim: a centaur, wielding a +0 shortbow and quivering 20 arrows The searing ray misses the centaur. (Press . to maintain the ray.)
The centaur shoots an arrow.
The arrow hits you.
* * * LOW HITPOINT WARNING * * *
The crimson imp blinks!
The centaur shoots an arrow.
The arrow hits you.
* * * LOW HITPOINT WARNING * * *
The searing ray hits the centaur!
The centaur is moderately wounded.
The centaur shoots an arrow.
The arrow misses you.
The searing ray hits the centaur!
The centaur is almost dead.
The centaur shoots an arrow.
The arrow hits you!
You die...

### #.c...... # #..5.....
#####..# ......... ........
#........ ######## #.....?..
#........ #####
######(.......
....############...c§........
###..........(((@####.......#
################ #########


You could see a centaur.

Vanquished Creatures
  A phantom (D:5)
  2 ogres
  A centaur (D:5)
  A scorpion (D:5)
  A howler monkey (D:5)
  2 crimson imps (D:5)
  A hound (D:5)
  An orc priest (D:5)
  An iguana (D:4)
  2 worker ants
  6 orc wizards
  Robin (D:2)
  An adder (D:4)
  A shadow imp (D:5)
  An adder skeleton (D:5)
  8 worms
  3 dart slugs
  2 leopard geckos
  20 orcs
  7 bats
  4 giant cockroaches
  18 goblins
  4 hobgoblins
  6 jackals
  12 kobolds
  2 quokkas
  A ball python (D:4)
  5 frilled lizards
  A quokka skeleton (D:4)
  13 rats
129 creatures vanquished.

Notes
Turn   | Place    | Note
-------+----------+-------------------------------------------
     0 | D:1      | lorenzova the Deep Elf Conjurer began the quest for the
                  | Orb.
     0 | D:1      | Reached XP level 1. HP: 10/10 MP: 6/6
   256 | D:1      | Reached XP level 2. HP: 15/15 MP: 5/8
   748 | D:1      | Reached skill level 5 in Conjurations
   748 | D:1      | Reached XP level 3. HP: 12/19 MP: 3/10
   866 | D:1      | Learned a level 2 spell: Searing Ray
  1143 | D:2      | Noticed Robin
  1160 | D:2      | Killed Robin
  1780 | D:2      | Found a basalt altar of Yredelemnul.
  1784 | D:2      | Reached XP level 4. HP: 24/24 MP: 9/12
  2262 | D:2      | Noticed a moth of wrath
  2264 | D:2      | Found a bloodstained altar of Trog.
  2746 | D:3      | Reached skill level 5 in Spellcasting
  3452 | D:4      | Reached XP level 5. HP: 28/28 MP: 12/15
  4069 | D:4      | Reached XP level 6. HP: 31/32 MP: 12/17
  4541 | D:4      | Found an iron altar of Okawaru.
  4667 | D:4      | Found a hide-covered altar of Uskayaw.
  4858 | D:5      | Entered Level 5 of the Dungeon
  4872 | D:5      | Reached XP level 7. HP: 27/36 MP: 4/20
  4963 | D:5      | Learned a level 4 spell: Iskenderun's Mystic Blast
  4968 | D:5      | Learned a level 4 spell: Fulminant Prism
  5095 | D:5      | Reached skill level 1 in Hexes
  5154 | D:5      | Reached skill level 1 in Translocations
  5433 | D:5      | Found a shattered altar of Ashenzari.
  5517 | D:5      | Found a staircase to the Ecumenical Temple.
  5892 | D:6      | Shot with an arrow by a centaur

Illustrated notes

Levels and vault maps discovered:
D:1:      kennysheep_arrival_seaside, layout_rooms
D:2:      layout_basic, yredelemnul_altar_generic, tgw_trog, uniq_robin
D:3:      layout_rooms
D:4:      layout_basic, marbit_many_paths, lemuel_altar_in_water
D:5:      layout_rooms, minmay_temple_entry_from_below_a, first_ration,
          evilmike_ruin_ashenzari
D:6:      layout_loops_ring, uniq_grinder

Skill      XL: |  1  2  3  4  5  6  7 |
---------------+----------------------+-----
Spellcasting   | 4 5 6 7 8 |  8.5
Conjurations   | 5 6 7 8 |  8.0
Hexes          | 2 |  2.3
Translocations | 2 |  2.0
Dodging        | |  2.4
Stealth        | |  2.4

Action                   |  1- 3 |  4- 6 |  7- 9 || total
-------------------------+-------+-------+-------++-------
Melee: Dagger            |     6 |     3 |       ||     9
 Cast: Magic Dart        |    67 |   117 |    33 ||   217
       Searing Ray       |     3 |    21 |     9 ||    33
  Use: Scroll            |       |     5 |       ||     5
  Eat: Chunk             |     2 |     9 |     4 ||    15
Armor: Robe              |     1 |     8 |     3 ||    12
Dodge: Dodged            |    11 |    15 |     8 ||    34
